TOP OF THE 1ST |
Quad Cities River Bandits batting - Pitching for Cedar Rapids Kernels : RHP Felix Perez
|
Pitching: RHP Felix Perez
|
|
Batting: RHB Sean Mounts
|
0-0: Foul Ball, location: 2F 0-1: Swinging Strike 0-2: Ball 1-2: Strikes out swinging
|
Batting: LHB Daigo Ishii
|
0-0: DOUBLE (Line Drive, 9LS, EV 100.0 MPH)
|
Batting: RHB Erik Smith
|
0-0: Ball 1-0: Swinging Strike 1-1: Foul Ball, location: 2F 1-2: Foul Ball, location: 2F 1-2: Ball 2-2: Foul Ball, location: 2F 2-2: Ball 3-2: Strikes out swinging
|
Batting: LHB Danny Wolver
|
0-0: SINGLE (Groundball, 56D, EV 100.6 MPH) (infield hit) Daigo Ishii to third
|
Batting: RHB Andrew Pride
|
0-0: Ball 1-0: Ball 2-0: Foul Ball, location: 2F 2-1: Foul Ball, location: 2F 2-2: Ball 3-2: Strikes out swinging
|
Top of the 1st over - 0 runs, 2 hits, 0 errors, 2 left on base; Quad Cities 0 - Cedar Rapids 0 |
BOTTOM OF THE 1ST |
Cedar Rapids Kernels batting - Pitching for Quad Cities River Bandits : RHP Isaiah McLaurin
|
Pitching: RHP Isaiah McLaurin
|
|
Batting: LHB Brian Wagner
|
0-0: Foul Ball, location: 2F 0-1: Ball 1-1: SOLO HOME RUN (Flyball, 9D, EV 98.1 MPH), Distance : 376 ft
|
Batting: RHB Tim Carter
|
0-0: Called Strike 0-1: Ball 1-1: SINGLE (Groundball, 6MD, EV 100.0 MPH)
|
Batting: LHB Kuemon Shishido
|
0-0: Called Strike 0-1: Foul Ball, location: 2F 0-2: Ball 1-2: Fly out, F2 (Popup, 23F, EV 86.9 MPH)
|
Batting: LHB Shaun Price
|
0-0: Ball 1-0: Ball 2-0: Swinging Strike Tim Carter is caught stealing 2nd base 2-6 2-1: Foul Ball, location: 2F 2-2: Ball 3-2: Strikes out looking
|
Bottom of the 1st over - 1 run, 2 hits, 0 errors, 0 left on base; Quad Cities 0 - Cedar Rapids 1 |
TOP OF THE 2ND |
Quad Cities River Bandits batting - Pitching for Cedar Rapids Kernels : RHP Felix Perez
|
Batting: LHB Bob Govella
|
0-0: Called Strike 0-1: Called Strike 0-2: Strikes out swinging
|
Batting: LHB Glenn Lowther
|
0-0: Called Strike 0-1: Ball 1-1: Swinging Strike 1-2: DOUBLE (Line Drive, 8LXD, EV 103.8 MPH)
|
Batting: RHB Reginald McDougall
|
0-0: Ball 1-0: Called Strike 1-1: Ball 2-1: Ball 3-1: Foul Ball, location: 2F 3-2: Strikes out swinging
|
Batting: LHB Fernando Gomez
|
0-0: Called Strike 0-1: Foul Ball, location: 2F 0-2: Ball 1-2: Ball 2-2: Foul Ball, location: 2F 2-2: Fly out, F7 (Flyball, 78S, EV 86.2 MPH)
|
Top of the 2nd over - 0 runs, 1 hit, 0 errors, 1 left on base; Quad Cities 0 - Cedar Rapids 1 |
BOTTOM OF THE 2ND |
Cedar Rapids Kernels batting - Pitching for Quad Cities River Bandits : RHP Isaiah McLaurin
|
Batting: RHB Steve Raine
|
0-0: Called Strike 0-1: Ball 1-1: Ball 2-1: Called Strike 2-2: Foul Ball, location: 2F 2-2: Ball 3-2: DOUBLE (Line Drive, 89D, EV 102.5 MPH)
|
Batting: LHB Marvin Shepherd
|
0-0: Called Strike 0-1: Ball 1-1: Called Strike 1-2: Ball 2-2: Strikes out swinging
|
Batting: RHB Nate Matson
|
0-0: Ball 1-0: Fly out, F8 (Flyball, 8LXD, EV 90.6 MPH) Runner from 2nd tags up, SAFE at 3rd, no throw by CF
|
Batting: LHB Hector Olvera
|
0-0: Foul Ball, location: 2F 0-1: Called Strike 0-2: Ball 1-2: Foul Ball, location: 2F 1-2: Ball 2-2: Foul Ball, location: 2F 2-2: Foul Ball, location: 2F 2-2: Fly out, F6 (Popup, 6MD, EV 45.0 MPH)
|
Bottom of the 2nd over - 0 runs, 1 hit, 0 errors, 1 left on base; Quad Cities 0 - Cedar Rapids 1 |
TOP OF THE 3RD |
Quad Cities River Bandits batting - Pitching for Cedar Rapids Kernels : RHP Felix Perez
|
Batting: RHB Sean Mounts
|
0-0: Ball 1-0: Fly out, F8 (Flyball, 8LD, EV 95.0 MPH)
|
Batting: LHB Daigo Ishii
|
0-0: Ball 1-0: Swinging Strike 1-1: Ball 2-1: Foul Ball, location: 2F 2-2: Strikes out looking
|
Batting: RHB Erik Smith
|
0-0: Ball 1-0: Foul Ball, location: 2F 1-1: Swinging Strike 1-2: Strikes out swinging
|
Top of the 3rd over - 0 runs, 0 hits, 0 errors, 0 left on base; Quad Cities 0 - Cedar Rapids 1 |
BOTTOM OF THE 3RD |
Cedar Rapids Kernels batting - Pitching for Quad Cities River Bandits : RHP Isaiah McLaurin
|
Batting: RHB Antonio Santos
|
0-0: Ball 1-0: Swinging Strike 1-1: Foul Ball, location: 2F 1-2: Ground out 3-1 (Groundball, 34S, EV 78.8 MPH)
|
Batting: LHB Brian Wagner
|
0-0: Called Strike 0-1: SINGLE (Groundball, 56S, EV 64.4 MPH) (infield hit)
|
Batting: RHB Tim Carter
|
0-0: Ball 1-0: Fielders Choice at 2nd, 6-4 (Groundball, 6, EV 84.4 MPH)
|
Batting: LHB Kuemon Shishido
|
0-0: Called Strike 0-1: Called Strike Tim Carter steals 2nd base 0-2: Ball 1-2: Ball 2-2: Ball 3-2: Foul Ball, location: 2F 3-2: Fly out, F7 (Flyball, 7S, EV 91.2 MPH)
|
Bottom of the 3rd over - 0 runs, 1 hit, 0 errors, 1 left on base; Quad Cities 0 - Cedar Rapids 1 |
TOP OF THE 4TH |
Quad Cities River Bandits batting - Pitching for Cedar Rapids Kernels : RHP Felix Perez
|
Batting: LHB Danny Wolver
|
0-0: Ball 1-0: Foul Ball, location: 2F 1-1: Swinging Strike 1-2: Strikes out swinging, 2-3 out at first.
|
Batting: RHB Andrew Pride
|
0-0: Foul Ball, location: 2F 0-1: Ball 1-1: Foul Ball, location: 2F 1-2: Ground out 6-3 (Groundball, 6, EV 86.9 MPH)
|
Batting: LHB Bob Govella
|
0-0: Ball 1-0: Ball 2-0: Ball 3-0: Called Strike 3-1: Called Strike 3-2: Strikes out swinging
|
Top of the 4th over - 0 runs, 0 hits, 0 errors, 0 left on base; Quad Cities 0 - Cedar Rapids 1 |
BOTTOM OF THE 4TH |
Cedar Rapids Kernels batting - Pitching for Quad Cities River Bandits : RHP Isaiah McLaurin
|
Batting: LHB Shaun Price
|
0-0: Ball 1-0: SINGLE (Flyball, 6D, EV 92.5 MPH)
|
Batting: RHB Steve Raine
|
0-0: Ball 1-0: SINGLE (Line Drive, 7LS, EV 103.1 MPH) Shaun Price to second
|
Batting: LHB Marvin Shepherd
|
0-0: Ball 1-0: SINGLE (Groundball, 4D, EV 96.9 MPH) Shaun Price to third Steve Raine to second
|
Batting: RHB Nate Matson
|
0-0: Called Strike 0-1: Called Strike 0-2: Strikes out swinging
|
Batting: LHB Hector Olvera
|
0-0: Ball 1-0: Foul Ball, location: 2F 1-1: Ball 2-1: Swinging Strike 2-2: Strikes out looking
|
Batting: RHB Antonio Santos
|
0-0: Ball 1-0: Called Strike 1-1: Foul Ball, location: 2F 1-2: Foul Ball, location: 2F 1-2: Ball 2-2: Foul Ball, location: 2F 2-2: Ball 3-2: Strikes out swinging
|
Bottom of the 4th over - 0 runs, 3 hits, 0 errors, 3 left on base; Quad Cities 0 - Cedar Rapids 1 |
TOP OF THE 5TH |
Quad Cities River Bandits batting - Pitching for Cedar Rapids Kernels : RHP Felix Perez
|
Batting: LHB Glenn Lowther
|
0-0: Ball 1-0: Swinging Strike 1-1: Ball 2-1: Foul Ball, location: 2F 2-2: Foul Ball, location: 2F 2-2: Strikes out swinging
|
Batting: RHB Reginald McDougall
|
0-0: Ball 1-0: Foul Ball, location: 2F 1-1: SINGLE (Groundball, 3S, EV 69.4 MPH) (infield hit)
|
Batting: LHB Fernando Gomez
|
0-0: Called Strike 0-1: Fly out, F5 (Line Drive, 5, EV 63.1 MPH)
|
Batting: RHB Sean Mounts
|
0-0: Called Strike Reginald McDougall steals 2nd, throwing error, E2 Reginald McDougall to third 0-1: Ball 1-1: Called Strike 1-2: Fly out, F9 (Flyball, 9, EV 88.1 MPH)
|
Top of the 5th over - 0 runs, 1 hit, 1 error, 1 left on base; Quad Cities 0 - Cedar Rapids 1 |
BOTTOM OF THE 5TH |
Cedar Rapids Kernels batting - Pitching for Quad Cities River Bandits : RHP Isaiah McLaurin
|
Batting: LHB Brian Wagner
|
0-0: Foul Ball, location: 2F 0-1: Ball 1-1: DOUBLE (Flyball, 8RXD, EV 90.6 MPH)
|
Batting: RHB Tim Carter
|
0-0: Foul Ball, location: 2F 0-1: Foul Ball, location: 2F 0-2: Ball 1-2: Ground out 5-3 (Groundball, 5, EV 109.4 MPH)
|
Batting: LHB Kuemon Shishido
|
0-0: Ball 1-0: SINGLE (Groundball, 6MD, EV 101.9 MPH) Brian Wagner to third Runner from 3rd tries for Home, SAFE, throw by CF to home
|
Batting: LHB Shaun Price
|
0-0: Called Strike 0-1: Fielders Choice at 2nd, 4-6 (Groundball, 4S, EV 88.1 MPH)
|
Batting: RHB Steve Raine
|
0-0: Called Strike 0-1: Swinging Strike 0-2: Foul Ball, location: 2F 0-2: Ball 1-2: Strikes out swinging
|
Bottom of the 5th over - 1 run, 2 hits, 0 errors, 1 left on base; Quad Cities 0 - Cedar Rapids 2 |
TOP OF THE 6TH |
Quad Cities River Bandits batting - Pitching for Cedar Rapids Kernels : RHP Felix Perez
|
Batting: LHB Daigo Ishii
|
0-0: Called Strike 0-1: Foul Ball, location: 2F 0-2: Foul Ball, location: 2F 0-2: Ball 1-2: Ball 2-2: Ball 3-2: Foul Ball, location: 2F 3-2: Ground out 4-3 (Groundball, 4, EV 84.4 MPH)
|
Pitching: RHP Dan Post
|
|
Batting: RHB Erik Smith
|
0-0: Ball 1-0: Swinging Strike 1-1: Foul Ball, location: 2F 1-2: Strikes out swinging
|
Batting: LHB Danny Wolver
|
0-0: Ball 1-0: Foul Ball, location: 2F 1-1: Ball 2-1: SINGLE (Groundball, 6D, EV 109.4 MPH)
|
Batting: RHB Andrew Pride
|
0-0: Called Strike 0-1: Ball 1-1: Ball Danny Wolver steals 2nd base 2-1: Foul Ball, location: 2F 2-2: Ground out 5-3 (Groundball, 56, EV 106.9 MPH)
|
Top of the 6th over - 0 runs, 1 hit, 0 errors, 1 left on base; Quad Cities 0 - Cedar Rapids 2 |
BOTTOM OF THE 6TH |
Cedar Rapids Kernels batting - Pitching for Quad Cities River Bandits : RHP Isaiah McLaurin
|
Batting: LHB Marvin Shepherd
|
0-0: Ball 1-0: Ball 2-0: Ball 3-0: Called Strike 3-1: Base on Balls
|
Batting: RHB Nate Matson
|
0-0: Fly out, F8 (Flyball, 8LXD, EV 80.6 MPH)
|
Batting: LHB Hector Olvera
|
0-0: Foul Ball, location: 2F 0-1: Swinging Strike 0-2: Strikes out looking
|
Batting: RHB Antonio Santos
|
0-0: Ball Marvin Shepherd is caught stealing 2nd base 2-4
|
Bottom of the 6th over - 0 runs, 0 hits, 0 errors, 0 left on base; Quad Cities 0 - Cedar Rapids 2 |
TOP OF THE 7TH |
Quad Cities River Bandits batting - Pitching for Cedar Rapids Kernels : RHP Dan Post
|
Batting: LHB Bob Govella
|
0-0: Called Strike 0-1: Ball 1-1: Called Strike 1-2: Ball 2-2: Strikes out swinging
|
Batting: LHB Glenn Lowther
|
0-0: Ball 1-0: Called Strike 1-1: Called Strike 1-2: Foul Ball, location: 2F 1-2: Strikes out swinging
|
Batting: RHB Reginald McDougall
|
0-0: Swinging Strike 0-1: Ball 1-1: Called Strike 1-2: Ball 2-2: Ball 3-2: Strikes out swinging
|
Top of the 7th over - 0 runs, 0 hits, 0 errors, 0 left on base; Quad Cities 0 - Cedar Rapids 2 |
BOTTOM OF THE 7TH |
Cedar Rapids Kernels batting - Pitching for Quad Cities River Bandits : RHP Isaiah McLaurin
|
Batting: RHB Antonio Santos
|
0-0: Ball 1-0: Ball 2-0: Called Strike 2-1: Called Strike 2-2: Strikes out swinging
|
Pitching: RHP Muckle Wildriver
|
|
Batting: LHB Brian Wagner
|
0-0: Called Strike 0-1: Fly out, F8 (Flyball, 8LD, EV 80.0 MPH)
|
Batting: RHB Tim Carter
|
0-0: Called Strike 0-1: Reaches on Catchers interference
|
Batting: LHB Kuemon Shishido
|
0-0: Ball 1-0: Called Strike 1-1: Fly out, F7 (Flyball, 7, EV 92.5 MPH)
|
Bottom of the 7th over - 0 runs, 0 hits, 1 error, 1 left on base; Quad Cities 0 - Cedar Rapids 2 |
TOP OF THE 8TH |
Quad Cities River Bandits batting - Pitching for Cedar Rapids Kernels : RHP Dan Post
|
Pitching: LHP Mark Challinor
|
|
Batting: LHB Fernando Gomez
|
0-0: Called Strike 0-1: SINGLE (Groundball, 56D, EV 103.1 MPH)
|
Batting: RHB Sean Mounts
|
0-0: Ball 1-0: Called Strike 1-1: Swinging Strike Passed Ball! Fernando Gomez to second 1-2: Ball 2-2: Ball 3-2: Foul Ball, location: 2F 3-2: Base on Balls
|
Batting: LHB Daigo Ishii
|
0-0: Ball 1-0: Ball 2-0: Ball 3-0: Base on Balls Fernando Gomez to third Sean Mounts to second
|
Batting: RHB Erik Smith
|
0-0: Foul Ball, location: 2F 0-1: Called Strike 0-2: Foul Ball, location: 2F 0-2: Ball 1-2: Ball 2-2: Ball 3-2: Strikes out looking
|
Batting: LHB Danny Wolver
|
0-0: Ball 1-0: Ball 2-0: Foul Ball, location: 2F 2-1: Grounds into fielders choice 3-2 (Groundball, 3, EV 87.5 MPH) Sean Mounts to third Daigo Ishii to second
|
Batting: RHB Andrew Pride
|
0-0: Fly out, F8 (Flyball, 89D, EV 90.6 MPH)
|
Top of the 8th over - 0 runs, 1 hit, 0 errors, 3 left on base; Quad Cities 0 - Cedar Rapids 2 |
BOTTOM OF THE 8TH |
Cedar Rapids Kernels batting - Pitching for Quad Cities River Bandits : RHP Muckle Wildriver
|
Batting: LHB Shaun Price
|
0-0: Called Strike 0-1: Ball 1-1: Called Strike 1-2: Ball 2-2: Ball 3-2: Foul Ball, location: 2F 3-2: Ground out 4-3 (Groundball, 34, EV 84.4 MPH)
|
Batting: RHB Steve Raine
|
0-0: Called Strike 0-1: Foul Ball, location: 2F 0-2: Ball 1-2: Foul Ball, location: 2F 1-2: Foul Ball, location: 2F 1-2: Foul Ball, location: 2F 1-2: Foul Ball, location: 2F 1-2: Ball 2-2: Ground out 6-3 (Groundball, 56, EV 79.4 MPH)
|
Batting: LHB Marvin Shepherd
|
0-0: Called Strike 0-1: Foul Ball, location: 2F 0-2: Ball 1-2: Ball 2-2: SINGLE (Groundball, 56D, EV 96.2 MPH)
|
Batting: RHB Nate Matson
|
0-0: Called Strike 0-1: Foul Ball, location: 2F 0-2: Strikes out swinging
|
Bottom of the 8th over - 0 runs, 1 hit, 0 errors, 1 left on base; Quad Cities 0 - Cedar Rapids 2 |
TOP OF THE 9TH |
Quad Cities River Bandits batting - Pitching for Cedar Rapids Kernels : LHP Mark Challinor
|
Pitching: RHP Steven Legge
|
|
Batting: LHB Bob Govella
|
0-0: Ball 1-0: Called Strike 1-1: Foul Ball, location: 2F 1-2: Strikes out swinging
|
Batting: LHB Glenn Lowther
|
0-0: Called Strike 0-1: Ball 1-1: Ball 2-1: Ball 3-1: Called Strike 3-2: Strikes out swinging
|
Pinch Hitting: LHB Kelvin Jones
|
0-0: Ball 1-0: Foul Ball, location: 2F 1-1: Foul Ball, location: 2F 1-2: Ball 2-2: Ball 3-2: Strikes out swinging
|
Top of the 9th over - 0 runs, 0 hits, 0 errors, 0 left on base; Quad Cities 0 - Cedar Rapids 2 |
|